Map: New Repugnancy LE

Players

Joker

  • Race: Zerg Zerg
  • League: Master
  • Spawn Location: 7:00

Mez - Winner!

  • Race: Terran Terran
  • League: Master
  • Spawn Location: 1:00

VOD

Have the link to the VOD?

Description

Time

  • Played on: Aug. 5, 2019, 7:19 a.m.
  • Length: 11:30
Show
View Real Time Build Order
Export as new Build Order

Joker Zerg 

Build Orders: Hatch First 

Get SALT Encoding   

  12  0:01  Drone  
  13  0:12  Overlord  
  13  0:17  Drone  
  14  0:30  Drone  
  14  0:31  Drone  
  14  0:34  Drone  
  17  0:52  Hatchery  
  17  0:54  Drone  
  17  0:57  Drone  
  18  1:10  Extractor  
  17  1:13  Spawning Pool  
  17  1:15  Drone  
  18  1:18  Drone  
  18  1:29  Drone  
  19  1:40  Overlord  
  19  1:49  Drone  
  20  2:01  Queen  
  20  2:03  Queen  
  20  2:04  Zergling x4  
  26  2:09  Metabolic Boost  
  26  2:12  Drone  
  27  2:34  Drone, Hatchery  
  26  2:45  Drone x3  
  29  2:52  Queen  
  29  2:56  Drone x2  
  33  3:00  Pneumatized Carapace  
  33  3:06  Overlord  
  33  3:10  Drone  
  34  3:13  Drone  
  35  3:23  Overlord  
  35  3:27  Drone  
  35  3:28  Drone x3  
  35  3:32  Drone x2  
  41  3:44  Drone x2  
  43  3:51  Queen  
  45  3:56  Zergling x6  
  45  3:58  Overlord x2  
  45  4:02  Drone  
  49  4:05  Overlord  
  49  4:16  Queen  
  51  4:23  Baneling Nest  
  50  4:26  Evolution Chamber, Drone x11  
  50  4:29  Overlord  
  60  4:40  Zergling x10  
  60  4:44  Overlord  
  65  4:47  Extractor  
  65  4:48  Extractor  
  63  5:03  Drone x7  
  63  5:05  Zerg Melee Weapons Level 1  
  70  5:07  Zergling x2  
  71  5:14  Evolution Chamber  
  71  5:20  Overlord x2  
  70  5:21  Zergling x2  
  70  5:22  Zergling x6  
  74  5:37  Drone  
  74  5:38  Overlord x2, Drone x3  
  74  5:39  Lair  
  74  5:41  Zerg Ground Armor Level 1  
  74  5:42  Zergling x2  
  79  5:43  Zergling x6  
  79  5:44  Overlord  
  82  5:50  Drone x3  
  82  5:52  Drone  
  82  5:56  Drone x3  
  82  5:57  Drone  
  90  5:59  Overlord  
  90  6:08  Overlord  
  90  6:13  Extractor  
  90  6:15  Zergling x2, Extractor  
  90  6:16  Zergling x4  
  91  6:23  Drone x2  
  93  6:26  Zergling x2  
  93  6:27  Zergling x14  
  93  6:28  Hatchery  
  95  6:43  Centrifical Hooks  
  95  6:45  Zergling x6  
  95  6:46  Zergling x6, Hydralisk Den  
  100  6:52  Baneling x7  
  100  6:53  Baneling x11  
  100  6:54  Zergling x6  
  100  6:55  Zergling x2  
  104  7:01  Zerg Melee Weapons Level 2  
  104  7:16  Muscular Augments  
  104  7:19  Drone x3, Extractor  
  104  7:20  Drone  
  104  7:22  Drone x8  
  115  7:31  Zergling x10  
  118  7:47  Zerg Ground Armor Level 2  
  118  8:01  Baneling x3  
  118  8:02  Zergling x2, Hydralisk x7, Baneling  
  118  8:04  Queen  
  135  8:19  Infestation Pit, Drone x12  
  143  8:20  Overlord  
  143  8:26  Zergling x2  
  144  8:28  Grooved Spines  
  144  8:32  Hatchery  
  142  8:38  Overlord, Extractor  
  142  8:40  Extractor  
  140  8:42  Baneling x3  
  140  8:43  Baneling  
  140  8:54  Hydralisk x2  
  140  8:55  Zergling x2, Hydralisk  
  146  8:56  Zergling x24  
  158  9:08  Overlord x2  
  158  9:14  Hive  
  149  9:24  Zergling x6  
  149  9:25  Zergling x16  
  155  9:32  Overlord  
  155  9:33  Overlord  
  155  9:36  Zergling x8, Hydralisk x3  
  165  9:39  Zergling x4  
  157  9:55  Zergling x2  
  157  9:56  Zergling x20  
  156  10:01  Zergling x2  
  156  10:02  Zergling x2  
  156  10:04  Overlord  
  156  10:06  Hydralisk x2  
  127  10:09  Overlord  
  127  10:10  Baneling  
  127  10:11  Baneling x12  
  127  10:12  Zergling x2  
  125  10:16  Hydralisk x2  
  106  10:21  Hydralisk  
  106  10:24  Hydralisk  
  99  10:38  Hydralisk x9  
  107  10:47  Hydralisk  
  107  10:48  Hydralisk x6  
  120  10:50  Zergling x2  
  120  10:56  Zergling x2  
  114  11:04  Zergling x4  
  114  11:07  Zergling x2  
  102  11:12  Zergling x2  
  102  11:13  Zergling x2  
Show
View Real Time Build Order
Export as new Build Order

Mez Terran - Winner!

Build Orders: Reaper Expand 

Get SALT Encoding   

  12  0:00  SCV  
  13  0:13  SCV  
  14  0:17  Supply Depot  
  14  0:25  SCV  
  15  0:38  SCV  
  15  0:40  Barracks  
  16  0:44  Refinery  
  16  0:50  SCV  
  17  1:03  SCV  
  18  1:15  SCV  
  19  1:28  Reaper  
  19  1:30  Orbital Command  
  20  1:45  Command Center  
  20  1:56  SCV  
  21  2:01  Barracks Reactor  
  21  2:06  Supply Depot  
  21  2:09  SCV  
  22  2:21  Command Center  
  22  2:23  SCV  
  23  2:43  Marine x2  
  23  2:44  SCV  
  26  2:47  Barracks  
  25  2:57  Orbital Command  
  25  3:01  Engineering Bay, SCV  
  25  3:03  Marine x2  
  28  3:16  Bunker, SCV  
  29  3:21  Marine x2  
  29  3:26  SCV  
  32  3:28  SCV, Terran Infantry Weapons Level 1  
  33  3:37  Barracks Tech Lab  
  33  3:41  Orbital Command  
  33  3:46  Marine x2  
  35  3:48  Supply Depot  
  35  3:49  SCV  
  35  3:50  SCV  
  37  4:00  Marine  
  37  4:01  SCV  
  37  4:02  Stimpack, SCV  
  41  4:10  SCV  
  41  4:11  Marine  
  41  4:12  Marine  
  41  4:13  SCV  
  41  4:14  SCV  
  41  4:15  Supply Depot  
  45  4:21  Refinery x2  
  45  4:22  SCV  
  46  4:25  SCV, Marine  
  46  4:26  SCV  
  46  4:29  Marine x2  
  51  4:34  SCV  
  51  4:37  SCV  
  53  4:39  SCV  
  53  4:43  Marine  
  55  4:46  SCV  
  55  4:47  Marine  
  55  4:52  Marine  
  58  4:55  SCV  
  58  4:56  Factory, SCV  
  61  5:00  SCV  
  61  5:01  Marine  
  61  5:05  Barracks  
  62  5:07  SCV, Barracks  
  62  5:08  SCV  
  62  5:09  Marine  
  62  5:10  Barracks  
  62  5:13  Refinery, Orbital Command  
  65  5:14  Marine  
  65  5:19  Marine  
  67  5:22  Terran Infantry Armor Level 1  
  67  5:24  Supply Depot x2  
  67  5:25  SCV, Supply Depot  
  67  5:27  Marine  
  69  5:32  Marine  
  70  5:36  SCV, Marine  
  70  5:37  SCV  
  70  5:42  Starport, Factory Reactor  
  73  5:44  Marine  
  73  5:48  Armory  
  74  5:50  Marine  
  74  5:51  SCV  
  74  5:52  Engineering Bay  
  74  5:56  Barracks Reactor x2  
  76  6:01  SCV x2  
  76  6:03  SCV  
  79  6:05  Marine  
  79  6:08  Supply Depot  
  79  6:10  Marine x2  
  82  6:13  Barracks Reactor, SCV x2  
  84  6:20  Barracks x2  
  84  6:23  Barracks  
  84  6:26  SCV x3  
  84  6:30  Supply Depot  
  84  6:32  Combat Shield  
  87  6:33  Medivac x2  
  87  6:38  SCV  
  92  6:43  SCV x2  
  94  6:50  SCV  
  94  6:51  Marine x9  
  104  6:57  Terran Infantry Weapons Level 2  
  104  6:58  Barracks  
  104  6:59  Barracks  
  104  7:01  Supply Depot  
  104  7:07  Medivac  
  104  7:08  Marine, Supply Depot  
  106  7:09  Marine, Supply Depot  
  106  7:11  Supply Depot  
  106  7:14  Refinery  
  108  7:19  Marine x6  
  108  7:21  Barracks Reactor x3  
  114  7:24  Marauder  
  114  7:26  Marine x2  
  114  7:27  Terran Infantry Armor Level 2  
  118  7:32  Medivac  
  120  7:37  Marine x2, Medivac, Supply Depot  
  120  7:39  Supply Depot  
  114  7:45  Marine x6  
  114  7:46  Marine  
  122  7:55  Marine x2  
  125  8:00  Marine  
  125  8:01  Marine x5  
  125  8:02  Supply Depot  
  125  8:03  Marine x5, Barracks Tech Lab x2  
  125  8:05  Concussive Shells  
  134  8:13  Marine  
  134  8:14  Marine x2, Marauder  
  134  8:17  Medivac x2  
  134  8:18  Marine  
  137  8:35  Marine, Marauder  
  137  8:36  Marine x13, Marauder x2  
  137  8:40  Supply Depot  
  157  8:41  Supply Depot  
  157  8:43  Supply Depot  
  157  8:53  Marine x3  
  160  8:55  Marine  
  160  8:56  Marine x10  
  160  8:57  Marauder  
  160  9:00  Marauder  
  160  9:01  Marauder  
  168  9:11  Marine  
  169  9:19  Marine x10, Marauder  
  169  9:20  Medivac  
  169  9:21  Medivac  
  169  9:22  Marauder  
  182  9:27  Marine x3  
  182  9:28  Marauder  
  185  9:39  Marine x4  
  185  9:41  Marauder  
  185  9:43  Marine, Marauder  
  185  9:44  Marine  
  195  9:49  Marauder  
  186  9:56  Marine x2  
  162  10:01  Marine  
  162  10:02  Marine x2, Marauder  
  162  10:03  Marine x4  
  162  10:06  Marine  
  162  10:07  Marine x4  
  145  10:16  Medivac x2  
  141  10:22  SCV x3  
  142  10:28  Marine  
  142  10:29  Supply Depot  
  134  10:39  Marine x7  
  136  10:43  Marine  
  137  10:51  Marine x2, Marauder  
  137  10:56  Marine x5  
  141  11:10  Marine x8  
Tags
 
Add a new tag
Caveats
  • Supply blocks, unpowered buildings, or Contaminate may cause inaccurate times.
  • Supply counts are checked every 10 seconds.